 Dungeon Crawl Stone Soup version 0.20.0-15-g7f486f2 (webtiles) character file.

65 vishdafish the Skirmisher (level 4, 0/29 HPs)
             Began as a Gargoyle Fighter on June 18, 2017.
             Slain by an adder (2 damage)
             ... on level 2 of the Dungeon.
             The game lasted 00:04:18 (1773 turns).

vishdafish the Skirmisher (Gargoyle Fighter)        Turns: 1773, Time: 00:04:19

Health: 0/29       AC: 11    Str: 19 (20) XL:     4   Next: 14%
Magic:  4/4        EV:  7    Int:  5 (8)  God:
Gold:   67         SH:  9    Dex:  7 (10) Spells: 3/3 levels left

rFire    . . .     SeeInvis .   a - +0 flail
rCold    . . .     Gourm    .   c - +0 shield
rNeg     + . .     Faith    .   b - +0 scale mail
rPois    ∞         Spirit   .   (no helmet)
rElec    +         Reflect  .   (no cloak)
rCorr    .         Harm     .   (no gloves)
MR       .....                  o - +0 pair of boots
Stlth    +.........             g - amulet of inaccuracy (curse)
Regen    0.1/turn               e - ring of stealth
MPRegen  0.1/turn               (no ring)

@: no status effects
A: negative energy resistance 1, electricity resistance, unbreathing,
petrification resistance, rot immunity, AC +3
a: no special abilities


You were on level 2 of the Dungeon.
You were not hungry.

You visited 1 branch of the dungeon, and saw 2 of its levels.

You collected 67 gold pieces.

Inventory:

Hand Weapons
 a - a +0 flail (weapon)
Armour
 b - a +0 scale mail (worn)
 c - a +0 shield (worn)
 o - a +0 pair of boots (worn)
Jewellery
 e - a ring of stealth (left hand)
 g - a cursed amulet of inaccuracy (around neck)
 n - an uncursed ring of ice {unknown}
Scrolls
 h - a scroll of magic mapping {unknown}
 i - a scroll of immolation {unknown}
 k - a scroll of amnesia
 l - a scroll of fear {unknown}
 m - 2 scrolls of teleportation
 p - a scroll of fog {unknown}
 r - a scroll of identify {unknown}
Potions
 d - a potion of might
 q - a potion of magic {unknown}
 s - 2 potions of haste {unknown}
 u - a potion of agility {unknown}
Comestibles
 f - 2 bread rations
 j - 3 meat rations
 t - a royal jelly


   Skills:
 + Level 3.8 Fighting
 + Level 2.6 Maces & Flails
 + Level 3.7 Armour
 + Level 0.8 Dodging
 + Level 3.8 Shields


You had 3 spell levels left.
You didn't know any spells.

Dungeon Overview and Level Annotations

Branches:
Dungeon (2/15)

Altars:


Innate Abilities, Weirdness & Mutations

You are resistant to torment.
Your stone body is resilient. (AC +3)
You are immune to poison.
You resist negative energy. (rN+)
You are resistant to electric shocks. (rElec)
You can survive without breathing.
You are immune to petrification.
You are immune to rotting.


Message History

You block the bat's attack. The bat hits you but does no damage.
The bat hits you.
* * * LOW HITPOINT WARNING * * *
You block the adder's attack. The adder bites you but does no damage.
You closely miss the adder.
The adder is severely wounded.
The bat hits you but does no damage. The adder bites you but does no damage.
You block the adder's attack.
You miss the adder.
The adder is severely wounded.
You block the bat's attack. The adder barely misses you.
You miss the adder.
The adder is severely wounded.
You block the bat's attack. The adder bites you but does no damage.
The adder closely misses you.
You miss the adder.
The adder is severely wounded.
The bat hits you but does no damage. You block the adder's attack.
The adder bites you.
You die...

.# #..#
########.##.######.#....
.# #..#
#.....##.##..........###
.# #..#
#.....##.#########.#####
## #..###............#
#...†..
#.................##
#######
######.###..............
.8.8.#.# #......b.....#
.....#.###............#
.....#..........@S....#
.....#..................
....(#........#+##......
.....#........# ......
.8.8.#........# [!...
######........ #.... ..#
#......... .... #.#
#.#....... ... #.#
#.########


You could see an adder and a bat.

Vanquished Creatures
  An adder (D:1)
  2 worms (D:2)
  2 dart slugs (D:2)
  A leopard gecko (D:2)
  3 bats
  2 giant cockroaches (D:1)
  7 hobgoblins
  4 jackals
  A frilled lizard (D:1)
  10 goblins
  2 kobolds
  7 rats
42 creatures vanquished.

Notes
Turn   | Place    | Note
-------+----------+-------------------------------------------
     0 | D:1      | vishdafish the Gargoyle Fighter began the quest for the Orb.
     0 | D:1      | Reached XP level 1. HP: 14/14 MP: 1/1
   147 | D:1      | Reached XP level 2. HP: 15/19 MP: 2/2
   421 | D:1      | Reached XP level 3. HP: 2/23 MP: 3/3
  1454 | D:2      | Reached XP level 4. HP: 29/29 MP: 4/4
  1773 | D:2      | Slain by an adder

Action                   |  1- 3 |  4- 6 || total
-------------------------+-------+-------++-------
Melee: Flail             |   345 |   162 ||   507
  Use: Scroll            |     2 |       ||     2
       Potion            |     2 |       ||     2
  Eat: Bread ration      |     1 |       ||     1
Armor: Scale mail        |   227 |   128 ||   355
Dodge: Dodged            |   124 |    65 ||   189
Block: Shield            |   186 |   121 ||   307
